 Dungeon Crawl Stone Soup version 0.20.0-10-g0535bb4 (webtiles) character file.

259 miragecloak the Insei (level 6, -10/38 HPs)
             Began as an Octopode Transmuter on June 6, 2017.
             Killed by divine providence
             ... invoked by an orc priest
              (11 damage)
             ... on level 4 of the Dungeon.
             The game lasted 00:03:29 (3931 turns).

miragecloak the Insei (Octopode Transmuter)         Turns: 3931, Time: 00:03:30

Health: -10/38     AC:  2    Str:  9    XL:     6   Next: 17%
Magic:  3/9        EV: 20    Int: 15    God:
Gold:   164        SH:  0    Dex: 20    Spells: 5/9 levels left

rFire    . . .     SeeInvis .     - Unarmed
rCold    . . .     Gourm    .   (shield currently unavailable)
rNeg     . . .     Faith    .   (helmet currently unavailable)
rPois    x         Spirit   .   (no amulet)
rElec    .         Reflect  .   (no ring)
rCorr    .         Harm     .   (no ring)
MR       .....                  (no ring)
Stlth    ++........             (no ring)
Regen    0.2/turn               (no ring)
MPRegen  0.2/turn               (no ring)
                                (no ring)
                                (no ring)

@: spider-form
A: almost no armour, stealthy swim, (amphibious), 8 rings, (constrict 8)
a: End Transformation


You were on level 4 of the Dungeon.
You were not hungry.
You were a venomous arachnid creature.
You visited 1 branch of the dungeon, and saw 4 of its levels.

You collected 164 gold pieces.

Inventory:

Missiles
 a - 12 arrows
Scrolls
 e - a scroll of remove curse {unknown}
 g - a scroll of enchant weapon {unknown}
 h - 2 scrolls of immolation {unknown}
 j - a scroll of teleportation {unknown}
 n - 3 scrolls of identify {unknown}
 s - a scroll of enchant armour {unknown}
Potions
 i - a potion of curing {unknown}
 k - a potion of resistance {unknown}
 l - a potion of mutation {unknown}
 m - a potion of might {unknown}
 o - a potion of cancellation {unknown}
 p - a potion of brilliance {unknown}
 q - a potion of invisibility {unknown}
 r - a potion of heal wounds {unknown}
Books
 b - a book of Changes

   Spells                             Type                      Level
   a - Beastly Appendage              Transmutation                1
   b - Sticks to Snakes               Transmutation                2
   c - Spider Form                    Transmutation/Poison         3
   d - Ice Form                       Ice/Transmutation            4
   e - Blade Hands                    Transmutation                5
Comestibles
 c - 5 bread rations
 d - a meat ration
 f - a royal jelly
 t - a chunk of flesh


   Skills:
 - Level 1.0 Fighting
 - Level 2.0 Dodging
 + Level 4.7 Unarmed Combat
 - Level 2.0 Spellcasting
 - Level 4.0 Transmutations
 - Level 3.4 Poison Magic


You had 5 spell levels left.
You knew the following spells:

 Your Spells              Type           Power        Failure   Level  Hunger
a - Beastly Appendage     Tmut           ##....       13%         1    #......
b - Spider Form           Tmut/Pois      ##........   32%         3    ###....


Dungeon Overview and Level Annotations

Branches:
Dungeon (4/15)
 Temple: D:4-7

Altars:


Innate Abilities, Weirdness & Mutations

You cannot wear most types of armour.
You are very stealthy in the water. (Stealth+)
((You are amphibious.))
You can wear up to eight rings at the same time.
((You can use your tentacles to constrict eight enemies at once.))
((Your skin changes colour to match your surroundings (Stealth+).))
((Your rubbery body absorbs attacks. (AC +1, EV +1)))


Message History

The worker ant looks as sick as possible!
The worker ant is almost dead.
You kill the worker ant!
You have reached level 6!
Your experience leads to an increase in your attributes!
Your base attributes are Str 9, Int 15, Dex 14.
Increase (S)trength, (I)ntelligence, or (D)exterity?
You feel agile. The hound skeleton misses you.
You hit the hound skeleton.
You destroy the hound skeleton!
The orc priest invokes the aid of Beogh against you.
Pain shoots through your body!
* * * LOW HITPOINT WARNING * * *
The orc priest barely misses you.
You hit the orc priest.
The orc priest is poisoned.
The orc priest is moderately wounded.
The orc priest calls down the wrath of Beogh upon you.
Beogh smites you!
You die...

#...<....... ..
#.##..##.###
#.###
#.##.......#
#...
#....##..#.#
..#
#######.##.#
###a#
#....####.))#
####<...#.#####
###.##.#...#
#.##os(#.#
#........#
##########


You could see an orc priest.

Vanquished Creatures
  A hound (D:4)
  An orc wizard (D:4)
  A worker ant (D:4)
  A hound skeleton (D:4)
  6 adders
  2 oozes
  5 worms
  2 dart slugs
  A leopard gecko (D:2)
  8 orcs
  4 giant cockroaches
  9 goblins
  9 hobgoblins
  4 jackals
  9 kobolds
  3 ball pythons (D:2)
  5 bats
  6 frilled lizards
  3 rats
80 creatures vanquished.

Notes
Turn   | Place    | Note
-------+----------+-------------------------------------------
     0 | D:1      | miragecloak the Octopode Transmuter began the quest for the Orb.
     0 | D:1      | Reached XP level 1. HP: 13/13 MP: 3/3
   121 | D:1      | Reached XP level 2. HP: 14/18 MP: 3/5
   574 | D:1      | Reached XP level 3. HP: 1/23 MP: 4/6
   660 | D:1      | Learned a level 3 spell: Spider Form
  1251 | D:1      | Reached skill level 1 in Poison Magic
  1865 | D:2      | Reached XP level 4. HP: 21/28 MP: 2/7
  2627 | D:3      | Reached XP level 5. HP: 27/33 MP: 2/8
  3666 | D:4      | Noticed a phantom
  3928 | D:4      | Reached XP level 6. HP: 7/38 MP: 3/9
  3929 | D:4      | HP: 1/38 [orc priest/nerve-wracking pain (6)]
  3931 | D:4      | Killed from afar by an orc priest

Skill      XL: |  1  2  3  4  5 |
---------------+----------------+-----
Transmutations | 3 4 |  4.0
Poison Magic   | 2 3 |  3.4
Unarmed Combat | 4 |  4.7
Fighting       | |  1.0
Dodging        | |  2.0
Spellcasting   | |  2.0

Action                   |  1- 3 |  4- 6 || total
-------------------------+-------+-------++-------
Melee: Unarmed           |   128 |   116 ||   244
       Constrict         |    24 |     2 ||    26
       Kick              |    16 |       ||    16
       Tentacles         |    12 |     2 ||    14
 Cast: Beastly Appendage |    20 |       ||    20
       Spider Form       |     3 |    24 ||    27
 Stab: Sleeping          |     4 |     2 ||     6
  Eat: Chunk             |     4 |    10 ||    14
Armor: Skin              |    17 |     4 ||    21
Dodge: Dodged            |   103 |    95 ||   198
